 Dungeon Crawl Stone Soup version 0.25-a0-44-g29a1220a87 (webtiles) character file.

Game seed: 3354431803917701266, levelgen mode: deterministic

6673 Fingolfin the Protected (level 10, -7/88 HPs)
             Began as a Minotaur Berserker on Oct 24, 2019.
             Was a High Priest of Trog.
             Shot with an arrow by a centaur (8 damage)
             ... on level 9 of the Dungeon on Oct 25, 2019.
             The game lasted 00:21:23 (7910 turns).

Fingolfin the Protected (Minotaur Berserker)        Turns: 7910, Time: 00:21:25

Health: -7/88      AC:  2    Str: 24    XL:     10   Next: 73%
Magic:  0/16       EV: 13    Int:  6    God:    Trog [*****.]
Gold:   458        SH:  9    Dex:  9    Spells: 9/9 levels left

rFire    + . .     SeeInvis .   a - +2 hand axe "Impslayer" {chop, +Inv rF+ rN++ Stlth-}
rCold    + . .     Gourm    .   M - +2 shield
rNeg     + + .     Faith    .   x - +0 chain mail
rPois    +         Spirit   +   (helmet restricted)
rElec    .         Reflect  .   e - +0 cloak (curse)
rCorr    .         Harm     .   j - +0 pair of gloves
MR       +++..                  (no boots)
Stlth    ..........             q - amulet of guardian spirit
HPRegen  0.24/turn              B - ring "Otousugg" {*Corrode rPois rC+ MR+++}
MPRegen  0.15/turn              J - +5 ring of evasion

@: corroded, berserk cooldown, slowed, very slow
A: retaliatory headbutt, horns 2
a: Berserk, Trog's Hand, Brothers in Arms, Renounce Religion, Evoke Invisibility


You were on level 9 of the Dungeon.
You worshipped Trog.
Trog was extremely pleased with you.
You were near starving.

You visited 1 branch of the dungeon, and saw 9 of its levels.

You collected 458 gold pieces.

Inventory:

Hand Weapons
 a - the +2 hand axe "Impslayer" (weapon) {chop, +Inv rF+ rN++ Stlth-}
   (You found it on level 7 of the Dungeon)

   It inflicts extra damage upon your enemies.
   It protects you from fire.
   It greatly protects you from negative energy.
   It lets you turn invisible.
   It makes you less stealthy.
 b - a +1 hunting sling of flaming
 I - a +1 scimitar of flaming
Missiles
 f - 289 stones (quivered)
 l - 91 sling bullets
 m - 37 poisoned darts
 t - 3 curare-tipped darts
 v - 3 boomerangs
 G - 4 silver boomerangs
Armour
 e - a cursed +0 cloak (worn)
 j - a +0 pair of gloves (worn)
 x - a +0 chain mail (worn)
 M - a +2 shield (worn)
Jewellery
 q - an amulet of guardian spirit (around neck)
 s - an uncursed ring of see invisible
 y - an uncursed ring of fire
 B - the ring "Otousugg" (left hand) {*Corrode rPois rC+ MR+++}
   (You took it off a centaur on level 9 of the Dungeon)

   [ring of poison resistance]

   It protects you from cold.
   It protects you from poison.
   It affects your resistance to hostile enchantments.
   It may corrode you when you take damage.
 J - a +5 ring of evasion (right hand)
 K - an uncursed ring of flight
Wands
 r - a wand of acid (7)
 D - a wand of iceblast (30)
 H - a wand of paralysis (10)
Scrolls
 c - 5 scrolls of teleportation {unknown}
 g - 8 scrolls of identify {unknown}
 k - 3 scrolls of enchant armour {unknown}
 n - a scroll of blinking {unknown}
 u - 2 scrolls of enchant weapon {unknown}
 z - a scroll of noise {unknown}
 A - a scroll of random uselessness {unknown}
 C - 3 scrolls of magic mapping {unknown}
 E - a scroll of remove curse {unknown}
Potions
 h - a potion of brilliance {unknown}
 i - 2 potions of ambrosia {unknown}
 o - 2 potions of invisibility {unknown}
 p - 3 potions of heal wounds {unknown}
 w - a potion of haste {unknown}
 F - 2 potions of lignification {unknown}
 L - 2 potions of degeneration {unknown}
Comestibles
 d - 15 rations
 N - 7 chunks of flesh


   Skills:
 - Level 8.1 Fighting
 - Level 3.6 Axes
 + Level 10.6 Armour
 - Level 6.2 Dodging
 + Level 10.4 Evocations


You had 9 spell levels left.
You didn't know any spells.
Your spell library was empty.

Dungeon Overview and Level Annotations

Branches:
Dungeon (9/15)             Temple (0/1) D:7
   Lair: D:8-11         Orc: D:9-12

Altars:
Ashenzari
Dithmenos
Elyvilon
Fedhas
Gozag
Kikubaaqudgha
Makhleb
Nemelex Xobeh
Ru
Xom
Zin

Shops:
D:6 *


Innate Abilities, Weirdness & Mutations

You reflexively headbutt those who attack you in melee.
You have a pair of horns on your head.


Message History

The centaur shoots an arrow.
Something hits you but does no damage.
You hit something. Trog accepts your kill.
Reactivating autopickup.
You feel a bit more experienced.
You hit the centaur.
A basilisk comes into view.
You block the centaur's attack.
The centaur shoots an arrow.
The arrow hits you!
* * * LOW HITPOINT WARNING * * *
The basilisk hisses angrily.
You are too berserk!
Okay, then.
You are no longer berserk.
You are exhausted.
You feel yourself slow down.
Your skin stops crawling.
You feel less resistant to hostile enchantments.
The orc throws a stone.
You block the stone.
The centaur shoots an arrow.
The arrow hits you!
You die...

....####.........#
....<.#..###.###...
..##....##.....##
.......##.......##
###.####..#.#.#..##
# #...
#..#######..#.#
#.##
#..#.....#..#.##
..# ...
...)...#†...# #.#
.# .$...#@.#...>..
######(.#......
#(c## ..... .o!##
..... ...c# ....
##(## .... ... #l#
..


You could see a basilisk, 2 centaurs and an orc.

Vanquished Creatures
  Erica (D:8)
  A two-headed ogre (D:9)
  An ugly thing (D:9)
  Joseph (D:8)
  A troll (D:9)
  2 hippogriffs
  A spriggan (D:7)
  Eustachio (D:5)
  A hungry ghost (D:8)
  Edmund (D:4)
  A water moccasin (D:6)
  2 phantoms
  A necrophage (D:9)
  2 orc warriors
  4 sky beasts
  An ogre (D:6)
  4 centaurs
  A big kobold (D:7)
  4 bullfrogs
  8 scorpions
  4 killer bees (D:9)
  4 wights (D:9)
  7 howler monkeys
  2 crimson imps
  A bullfrog zombie (D:5)
  3 hounds
  3 bullfrog skeletons
  3 orc priests
  5 orc wizards
  A centaur skeleton (D:4)
  4 worker ants
  An iguana (D:7)
  2 hound skeletons
  A hound zombie (D:8)
  A worker ant zombie (D:8)
  4 gnolls (D:7)
  12 adders
  4 shadow imps
  2 oozes
  An adder zombie (D:9)
  An adder skeleton (D:6)
  2 worms
  A dart slug (D:3)
  4 leopard geckos
  26 orcs
  3 ball pythons
  6 giant cockroaches
  7 goblins
  9 hobgoblins
  23 jackals
  5 quokkas
  4 bats
  2 frilled lizards
  A jackal zombie (D:7)
  16 kobolds
  A leopard gecko zombie (D:8)
  A quokka zombie (D:6)
  9 rats
225 creatures vanquished.

Vanquished Creatures (others)
  5 dream sheep (D:4)
5 creatures vanquished.

Grand Total: 230 creatures vanquished

Notes
Turn   | Place    | Note
-------+----------+-------------------------------------------
     0 | D:1      | Fingolfin the Minotaur Berserker began the quest for the
                  | Orb.
     0 | D:1      | Reached XP level 1. HP: 19/19 MP: 0/0
    13 | D:1      | Reached XP level 2. HP: 25/28 MP: 1/1
   913 | D:2      | Reached ** piety under Trog
   913 | D:2      | Reached skill level 5 in Fighting
  1133 | D:2      | Reached XP level 3. HP: 36/36 MP: 2/2
  1408 | D:2      | Found a blossoming altar of Fedhas.
  1410 | D:2      | Found a burning altar of Makhleb.
  2227 | D:3      | Reached XP level 4. HP: 40/44 MP: 3/3
  2313 | D:2      | Found a glowing silver altar of Zin.
  2313 | D:2      | Found a white marble altar of Elyvilon.
  2561 | D:3      | Reached *** piety under Trog
  2846 | D:4      | Reached XP level 5. HP: 45/52 MP: 2/4
  2911 | D:4      | Found a shattered altar of Ashenzari.
  2998 | D:4      | Found a sparkling altar of Nemelex Xobeh.
  3056 | D:4      | Noticed Edmund
  3063 | D:4      | Killed Edmund
  3063 | D:4      | Reached XP level 6. HP: 61/61 MP: 5/5
  3346 | D:4      | Noticed a dream sheep
  3346 | D:4      | Noticed a dream sheep
  3346 | D:4      | Noticed a dream sheep
  3346 | D:4      | Noticed a dream sheep
  3346 | D:4      | Noticed a dream sheep
  3346 | D:4      | Found a shimmering altar of Xom.
  3351 | D:4      | Killed a dream sheep
  3351 | D:4      | Killed a dream sheep
  3351 | D:4      | Killed a dream sheep
  3351 | D:4      | Killed a dream sheep
  3354 | D:4      | Killed a dream sheep
  3554 | D:5      | Entered Level 5 of the Dungeon
  3567 | D:5      | Reached XP level 7. HP: 67/68 MP: 6/6
  3817 | D:5      | Reached skill level 5 in Armour
  4086 | D:5      | Noticed Eustachio
  4091 | D:5      | Killed Eustachio
  4091 | D:5      | Reached skill level 5 in Dodging
  4369 | D:6      | Reached XP level 8. HP: 71/74 MP: 7/7
  4397 | D:6      | Reached **** piety under Trog
  4397 | D:6      | Reached skill level 1 in Evocations
  4551 | D:6      | Found Gozag's Platinum Reserve.
  4551 | D:6      | Found an opulent altar of Gozag.
  4749 | D:6      | Reached skill level 5 in Evocations
  5392 | D:7      | Reached XP level 9. HP: 66/81 MP: 10/12
  5696 | D:7      | Found a staircase to the Ecumenical Temple.
  5703 | D:7      | Reached ***** piety under Trog
  6115 | D:7      | Got an encrusted hand axe
  6116 | D:7      | Identified the +2 hand axe "Impslayer" {chop, +Inv rF+ rN++
                  | Stlth-} (You found it on level 7 of the Dungeon)
  6554 | D:8      | Noticed Joseph
  6577 | D:8      | Killed Joseph
  6761 | D:8      | Found a sacrificial altar of Ru.
  7141 | D:8      | Found an ancient bone altar of Kikubaaqudgha.
  7289 | D:8      | Noticed Erica
  7301 | D:8      | Killed Erica
  7301 | D:8      | Reached XP level 10. HP: 67/88 MP: 12/16
  7560 | D:9      | Identified the ring "Otousugg" {*Corrode rPois rC+ MR+++}
  7814 | D:9      | Found a shadowy altar of Dithmenos.
  7821 | D:9      | Noticed a two-headed ogre
  7828 | D:9      | Killed a two-headed ogre
  7828 | D:9      | Reached skill level 10 in Armour
  7828 | D:9      | Reached skill level 10 in Evocations
  7887 | D:9      | Noticed a white ugly thing
  7900 | D:9      | Killed a white ugly thing
  7909 | D:9      | HP: 1/132 [centaur/arrow (12)]
  7910 | D:9      | Shot with an arrow by a centaur

Levels and vault maps discovered:
D:1:      lightli_arrival_maybe_door_vault, layout_basic
D:2:      layout_basic, nicolae_overflow_hidden_temple
D:3:      layout_basic
D:4:      layout_loops_ring, nemelex_xobeh_ov_fountains_minmay,
          overflow_temple_1_default, eino_tiny_chamber,
          hangedman_abyss_or_decor_passed, kb_xom_exploding_sheep, uniq_edmund
D:5:      layout_gridville, first_ration, uniq_eustachio
D:6:      layout_gridville, nicolae_gozag_zags_fifth_avenue
D:7:      layout_loops_ring, minmay_temple_entry_slanted, the_bakery
D:8:      layout_basic, nicolae_ru_sacrificial_ziggurat, kennysheep_mini_moat,
          uniq_erica, uniq_joseph
D:9:      minmay_the_grid_octo_tiled_octocenter [minmay_the_grid_octo_odd_swirl,
          minmay_the_grid_octo_clover_2, minmay_the_grid_octo_empty,
          minmay_the_grid_octo_chip, minmay_the_grid_octo_prize_star,
          minmay_the_grid_square_5x5_percent,
          minmay_the_grid_square_5x5_half_checkered,
          minmay_the_grid_square_5x5_inner_i,
          minmay_the_grid_square_5x5_minibox], layout_rooms,
          lemuel_crystal_altar, kennysheep_little_box,
          kennysheep_orc_monster_closet_entryway

Skill      XL: |  1  2  3  4  5  6  7  8  9 10 |
---------------+-------------------------------+-----
Fighting       | 4 5 6 7 8 |  8.1
Armour         | 3 4 6 8 10 | 10.6
Dodging        | 3 4 6 |  6.2
Evocations     | 6 9 10 | 10.4
Axes           | |  3.6

Action                   |  1- 3 |  4- 6 |  7- 9 | 10-12 || total
-------------------------+-------+-------+-------+-------++-------
Melee: Hand axe          |    73 |    78 |   107 |   128 ||   386
       Headbutt          |    13 |    18 |    52 |    29 ||   112
       Flail             |       |    26 |   237 |       ||   263
 Fire: Hunting sling     |    16 |       |    16 |       ||    32
Invok: Berserk           |       |     1 |     5 |     1 ||     7
       Trog's Hand       |       |       |       |     1 ||     1
 Abil: Evoke Invisibilit |       |       |     1 |       ||     1
  Eat: Chunk             |     4 |     5 |    16 |     2 ||    27
       Ration            |       |       |     1 |       ||     1
Armor: Leather armour    |     6 |       |       |       ||     6
       Ring mail         |    10 |    10 |       |       ||    20
       Chain mail        |       |    59 |   155 |    50 ||   264
Dodge: Dodged            |    41 |    35 |    56 |    79 ||   211
Block: Large shield      |       |    38 |   223 |    18 ||   279
       Shield            |       |       |       |    84 ||    84

Table legend:
 A = Non-vault XP
 B = Vault XP
 C = Vault XP percentage of total XP
 D = Non-vault monster count
 E = Vault monster count
 F = Vault count percentage of total count
                 A         B        C        D         E       F
            +---------+---------+-------+---------+---------+-------
      Total |    6274 |    3259 |  34.2 |     209 |      16 |   7.1
            +---------+---------+-------+---------+---------+-------
        D:1 |      32 |       0 |   0.0 |      19 |       0 |   0.0
        D:2 |      34 |       0 |   0.0 |      18 |       0 |   0.0
        D:3 |      95 |       0 |   0.0 |      29 |       0 |   0.0
        D:4 |     398 |     158 |  28.4 |      19 |       1 |   5.0
        D:5 |     445 |     197 |  30.7 |      19 |       1 |   5.0
        D:6 |    1296 |       0 |   0.0 |      40 |       0 |   0.0
        D:7 |    1305 |     224 |  14.7 |      30 |       1 |   3.2
        D:8 |     762 |    1331 |  63.6 |      17 |       2 |  10.5
        D:9 |    1907 |    1349 |  41.4 |      18 |      11 |  37.9
            +---------+---------+-------+---------+---------+-------
